 Dungeon Crawl Stone Soup version 0.29.1-4-g47bece8355 (webtiles) character file.

Game seed: 18435268138316550113

27 xian the Sneak (level 2, -1/22 HPs)
             Began as a Demonspawn Brigand on Dec 10, 2022.
             Slain by a kobold
             ... wielding a +0 short sword
              (2 damage)
             ... on level 2 of the Dungeon.
             The game lasted 00:02:03 (1020 turns).

xian the Sneak (Demonspawn Brigand)                 Turns: 1020, Time: 00:02:04

Health: -1/22      AC:  3    Str: 11    XL:     2   Next: 93%
Magic:  2/2        EV: 11    Int: 12    God:
Gold:   76         SH:  0    Dex: 14    Spells: 1/1 levels left

rFire   . . .      SeeInvis .   a - +2 dagger
rCold   . . .      Faith    .   (no shield)
rNeg    . . .      Spirit   .   b - +0 robe
rPois   .          Reflect  .   (no helmet)
rElec   .          Harm     .   c - +0 cloak
rCorr   .          Rampage  .   (no gloves)
Will    .....                   (no boots)
Stlth   +++.......              (no amulet)
HPRegen 0.07/turn               (no ring)
MPRegen 0.16/turn               (no ring)

@: no status effects
A: magic regeneration
a: no special abilities


You were on level 2 of the Dungeon.
You visited 1 branch of the dungeon, and saw 2 of its levels.

You collected 76 gold pieces.

Inventory:

Hand Weapons
 a - a +2 dagger (weapon)
Missiles
 d - 9 poisoned darts (quivered)
 e - 3 curare-tipped darts
Armour
 b - a +0 robe (worn)
 c - a +0 cloak (worn)
Scrolls
 f - a scroll of butterflies {unknown}
 h - 2 scrolls of blinking {unknown}
 i - a scroll of identify {unknown}
 j - 2 scrolls of teleportation {unknown}
 m - a scroll of brand weapon {unknown}
 n - a scroll of fear {unknown}
 o - a scroll of acquirement {unknown}
Potions
 g - a potion of mutation {unknown}
 k - a potion of attraction {unknown}
 l - a potion of might {unknown}


   Skills:
 + Level 2.0 Fighting
 + Level 1.9 Short Blades
 + Level 1.8 Throwing
 + Level 1.0 Dodging
 + Level 4.4 Stealth


You had one spell level left.
You didn't know any spells.
Your spell library contained the following spells:

 Spells                   Type           Power      Damage    Failure   Level
 Summon Forest            Summ/Tloc      0%         N/A       100%        5
 Eringya's Noxious Bog    Tmut/Pois      0%         N/A       100%        6
 Summon Hydra             Summ           0%         N/A       100%        7


Dungeon Overview and Level Annotations

Branches:
Dungeon (2/15)

Altars:


Innate Abilities, Weirdness & Mutations

You regenerate magic rapidly.


Message History

Found a stone staircase leading down.
o - a scroll labelled SOF VU DOMACWA
Found a dagger.
A kobold and a quokka come into view.
The quokka bites you. The kobold closely misses you. The quokka bites you.
You hit the quokka but do no damage. The kobold misses you.
The quokka bites you.
You hit the quokka.
The quokka is heavily wounded.
The kobold hits you with a +0 short sword.
The quokka closely misses you.
You closely miss the quokka.
The quokka is heavily wounded.
The quokka barely misses you. The kobold barely misses you.
The quokka attacks as you move away! The quokka closely misses you.
The kobold barely misses you. The kobold attacks as you move away!
The kobold hits you with a +0 short sword.
The quokka attacks as you move away! The quokka closely misses you.
The quokka barely misses you.
You hit the quokka but do no damage.
The quokka is heavily wounded.
The quokka bites you.
You hit the quokka.
The quokka is severely wounded.
The quokka closely misses you.
You miss the quokka.
The quokka is severely wounded.
The quokka bites you.
* * * LOW HITPOINT WARNING * * *
You hit the quokka but do no damage.
The quokka is severely wounded.
The quokka bites you.
* * * LOW HITPOINT WARNING * * *
You hit the quokka.
You kill the quokka!
You hit the kobold.
The kobold is heavily wounded.
The kobold hits you with a +0 short sword.
You die...

.# ##.#..### .# #.##...#
.# #).###.## .# ##......#
.# ##...#.# #...#.##
###### #......##
####....#########.......#
..........K@...........>#
###....#################
#.)..# #8....# ##..###
#.. #.. 8. ##.


You could see a kobold.

Vanquished Creatures
  An adder (D:2)
  2 endoplasms
  A hobgoblin (D:1)
  4 quokkas
  4 ball pythons
  2 bats
  A frilled lizard (D:1)
  A kobold (D:2)
  2 rats
18 creatures vanquished.

Notes
Turn   | Place    | Note
-------+----------+-------------------------------------------
     0 | D:1      | xian the Demonspawn Brigand began the quest for the Orb.
     0 | D:1      | Reached XP level 1. HP: 16/16 MP: 1/1
   466 | D:1      | Reached skill level 4 in Stealth
   640 | D:1      | Gained mutation: You regenerate magic rapidly. [demonic
                  | ancestry]
   640 | D:1      | Reached XP level 2. HP: 22/22 MP: 2/2
   829 | D:2      | Reached skill level 1 in Dodging
  1018 | D:2      | HP: 1/22 [quokka (4)]
  1020 | D:2      | Slain by a kobold

Illustrated notes

Levels and vault maps discovered:
D:1:      heliophobic_arrival_battle_scene, layout_basic,
          kennysheep_minor_cross, minmay_tetromino_l2
D:2:      layout_basic, chequers_decorated_corner, chequers_hall_statues_wall_a

Skill      XL: |  1  2 |
---------------+-------+-----
Stealth        | 4 |  4.4
Dodging        | 1 |  1.0
Fighting       | |  2.0
Short Blades   | |  1.9
Throwing       | |  1.8

Action                   || total
-------------------------++-------
Melee: Dagger            ||    51
 Stab: Sleeping          ||     8
Armor: Robe              ||    16
Dodge: Dodged            ||    30
